 Dungeon Crawl Stone Soup version 0.27-a0-1144-g0b7d3b79db (webtiles) character file.

Game seed: 12699102736237222213

110 leviel the Covered (level 4, 0/40 HPs)
             Began as a Minotaur Fighter on May 10, 2021.
             Succumbed to a gnoll's poison
             ... on level 2 of the Dungeon.
             The game lasted 00:01:29 (1642 turns).

leviel the Covered (Minotaur Fighter)               Turns: 1642, Time: 00:01:30

Health: 0/40       AC:  7    Str: 21    XL:     4   Next: 61%
Magic:  3/3        EV:  7    Int:  5    God:
Gold:   60         SH:  9    Dex: 10    Spells: 3/3 levels left

rFire    . . .     SeeInvis .   a - +0 war axe
rCold    . . .     Faith    .   c - +0 kite shield
rNeg     . . .     Spirit   .   b - +0 scale mail
rPois    .         Reflect  .   (helmet restricted)
rElec    .         Harm     .   (no cloak)
rCorr    .         Rampage  .   (no gloves)
Will     +....                  (no boots)
Stlth    ..........             (no amulet)
HPRegen  0.13/turn              j - ring of willpower
MPRegen  0.08/turn              (no ring)

@: mighty, lethally poisoned (0 -> -13)
A: horns 2, retaliatory headbutt
a: no special abilities


You were on level 2 of the Dungeon.
You visited 1 branch of the dungeon, and saw 2 of its levels.

You collected 60 gold pieces.

Inventory:

Hand Weapons
 a - a +0 war axe (weapon)
Armour
 b - a +0 scale mail (worn)
 c - a +0 kite shield (worn)
Jewellery
 j - a ring of willpower (left hand)
Scrolls
 e - a scroll of blinking {unknown}
 f - a scroll of summoning {unknown}
 g - a scroll of fog {unknown}
 h - 2 scrolls of identify {unknown}
 i - a scroll of amnesia {unknown}
 k - a scroll of fear {unknown}
 l - a scroll of silence {unknown}


   Skills:
 + Level 4.2 Fighting
 * Level 4.1 Axes
 + Level 4.7 Armour
 + Level 0.2 Dodging
 + Level 4.1 Shields


You had 3 spell levels left.
You didn't know any spells.
Your spell library was empty.

Dungeon Overview and Level Annotations

Branches:
Dungeon (2/15)

Altars:
Qazlal

Shops:
D:2 [


Innate Abilities, Weirdness & Mutations

You have a pair of horns on your head.
You reflexively headbutt those who attack you in melee.


Message History

You slash the gnoll!
You kill the gnoll!
Your Axes skill increases to level 4!
You closely miss the gnoll. You block the gnoll's attack.
The gnoll hits you from afar with a +0 halberd of venom.
You are poisoned.
The gnoll barely misses you. The gnoll hits you with a +0 flail.
You completely miss the gnoll.
You feel very sick. You block the gnoll's attack.
The gnoll hits you from afar with a +0 halberd of venom!
* * * LOW HITPOINT WARNING * * *
You are too injured to fight recklessly!
You are too injured to fight recklessly!
You are too injured to fight recklessly!
You are too injured to fight recklessly!
You are too injured to fight recklessly!
You are too injured to fight recklessly!
You are too injured to fight recklessly!
You are too injured to fight recklessly!
You are too injured to fight recklessly!
You are too injured to fight recklessly!
You are too injured to fight recklessly!
You are too injured to fight recklessly!
You are too injured to fight recklessly!
You are too injured to fight recklessly!
You are too injured to fight recklessly!
You are too injured to fight recklessly!
You are too injured to fight recklessly!
You are too injured to fight recklessly!
Unknown command.
You slash the gnoll!
You kill the gnoll!
You feel sick. The gnoll barely misses you. You block the gnoll's attack.
You feel very mighty all of a sudden.
You feel sick.
The gnoll hits you from afar with a +0 halberd of venom.
* * * LOW HITPOINT WARNING * * *
You are more poisoned.
You die...

..........#
.. ....
#####...###
##.####
#...########
#..........#
#...######.#
#...# #...# #
#...######.#
##.....g@...#
#....#####..#
#..### ..#
#..# ..# #..#
... ..g. ..##
##gg# ###
#..# ..g.
########


You could see a gnoll.

Vanquished Creatures
  Natasha (D:2)
  3 gnolls (D:2)
  2 adders (D:2)
  A worm (D:2)
  A dart slug (D:1)
  4 bats (D:1)
  5 endoplasms
  2 giant cockroaches
  A goblin (D:2)
  2 hobgoblins (D:1)
  A jackal (D:2)
  4 kobolds
  3 ball pythons
  A frilled lizard (D:1)
  4 rats
35 creatures vanquished.

Notes
Turn   | Place    | Note
-------+----------+-------------------------------------------
     0 | D:1      | leviel the Minotaur Fighter began the quest for the Orb.
     0 | D:1      | Reached XP level 1. HP: 19/19 MP: 0/0
   219 | D:1      | Reached XP level 2. HP: 21/27 MP: 1/1
  1064 | D:2      | Reached XP level 3. HP: 15/33 MP: 2/2
  1276 | D:2      | Found Ynaydeh's Armour Shop.
  1341 | D:2      | Found a stormy altar of Qazlal.
  1411 | D:2      | Noticed Natasha
  1419 | D:2      | Killed Natasha
  1420 | D:2      | Reached XP level 4. HP: 27/40 MP: 3/3
  1641 | D:2      | HP: 2/40 [gnoll/+0 halberd of venom (5)]
  1642 | D:2      | Succumbed to a gnoll's poison

Illustrated notes

Levels and vault maps discovered:
D:1:      dpeg_arrival_lava_altar, layout_basic
D:2:      layout_loops_ring, serial_shops, nicolae_shop_behind_doors,
          basic_altar, uniq_natasha, uniq_terence

Skill      XL: |  1  2  3  4 |
---------------+-------------+-----
Armour         | 4 |  4.7
Fighting       | 4 |  4.2
Shields        | 4 |  4.1
Axes           | 3 4 |  4.1
Dodging        | |  0.2

Action                   |  1- 3 |  4- 6 || total
-------------------------+-------+-------++-------
Melee: War axe           |    64 |    18 ||    82
       Headbutt          |     9 |     3 ||    12
  Use: Potion            |       |     1 ||     1
Armor: Scale mail        |    31 |     2 ||    33
Dodge: Dodged            |    22 |     4 ||    26
Block: Kite shield       |    24 |    10 ||    34

Table legend: (Time is in decaauts)
 A = Elapsed time spent in this place.
 B = Non-inter-level travel time spent in this place.
 C = Inter-level travel time spent in this place.
 D = Time resting spent in this place.
 E = Time spent auto-exploring this place.
 F = Levels seen in this place.
 G = Mean time per level.
                   A        B        C        D        E       F      G
               +--------+--------+--------+--------+--------+-----+--------+
         Total |   1689 |   1652 |     37 |      0 |   1419 |   2 |  844.5 |
       Dungeon |   1689 |   1652 |     37 |      0 |   1419 |   2 |  844.5 |
               +--------+--------+--------+--------+--------+-----+--------+

Top non-repeatable levels by time:
     D:1: 951 daAuts
     D:2: 737 daAuts
